 Dungeon Crawl Stone Soup version 0.23.2-40-g277498a001 (webtiles) character file.

Game seed: 12604461134205430939

59248 FishyPogo the Fighter (level 14, -5/133 HPs)
             Began as a Minotaur Fighter on Aug 17, 2019.
             Was a Believer of Yredelemnul.
             Slain by a spriggan rider
             ... wielding a +0 spear
              (16 damage)
             ... on level 2 of the Swamp.
             The game lasted 02:22:21 (20643 turns).

FishyPogo the Fighter (Minotaur Fighter)           Turns: 20643, Time: 02:22:21

Health: -5/133     AC: 20    Str: 23    XL:     14   Next: 52%
Magic:  0/19       EV: 15    Int:  5    God:    Yredelemnul [**....]
Gold:   1105       SH: 11    Dex: 19    Spells: 12/13 levels left

rFire    . . .     SeeInvis .   a - +5 scimitar (flame)
rCold    + + +     Gourm    .   u - +3 warlock's mirror {reflect}
rNeg     . . .     Faith    .   V - +3 scale mail {rPois}
rPois    +         Spirit   +   X - +1 hat
rElec    .         Reflect  +   F - +0 cloak
rCorr    .         Harm     .   U - +2 pair of gloves {Dex+3}
MR       +....                  H - +0 pair of boots of Unreason {Dex+3}
Stlth    ..........             s - amulet of Relativism {Spirit rPois rC+}
HPRegen  0.32/turn              x - ring "Yrchobiodiji" {rC+ Slay+3}
MPRegen  0.16/turn              D - ring of protection from cold

@: no status effects
A: retaliatory headbutt, horns 2
a: Animate Remains, Recall Undead Slaves, Injury Mirror, Renounce Religion


You were on level 2 of the Swamp.
You worshipped Yredelemnul.
Yredelemnul was pleased with you.
You were very hungry.

You visited 3 branches of the dungeon, and saw 18 of its levels.
You also visited: Trove, Sewer and Gauntlet.

You collected 1771 gold pieces.
You spent 666 gold pieces at shops.

Inventory:

Hand Weapons
 a - a +5 scimitar of flaming (weapon)
 b - the +9 sword of Zonguldrok {reap}
   (You found it in a treasure trove)

   If a monster killed with it leaves a corpse in good enough shape, the corpse
   will be animated as a zombie friendly to the killer.
 c - the +6 dagger "Fausuh" {venom, Dex+3}
   (You bought it in a shop on level 9 of the Dungeon)

   It poisons the flesh of those it strikes.
   It affects your dexterity (+3).
Missiles
 g - 523 stones (quivered)
 J - 17 javelins
 Y - 16 javelins of penetration
Armour
 u - the +3 warlock's mirror (worn) {reflect}
   (You found it on level 12 of the Dungeon)
 F - a +0 cloak (worn)
 H - the +0 pair of boots of Unreason (worn) {Dex+3}
   (You found it in a treasure trove)

   It affects your dexterity (+3).
 S - a +2 ring mail of cold resistance
 U - a +2 pair of gloves of dexterity (worn)
 V - a +3 scale mail of poison resistance (worn)
 X - a +1 hat (worn)
Jewellery
 k - an uncursed amulet of faith
 s - the amulet of Relativism (around neck) {Spirit rPois rC+}
   (You found it in a treasure trove)

   [amulet of guardian spirit]

   It causes incoming damage to be split between your health and magic.
   It protects you from cold.
   It protects you from poison.
 x - the ring "Yrchobiodiji" (left hand) {rC+ Slay+3}
   (You found it in a treasure trove)

   [ring of slaying]

   It affects your accuracy and damage with ranged weapons and melee attacks
   (+3).
   It protects you from cold.
 A - an uncursed ring of resist corrosion
 D - a ring of protection from cold (right hand)
 E - a +1 ring of evasion
 Q - a +2 ring of protection
 R - an uncursed ring of positive energy
Wands
 e - a wand of disintegration (30)
 B - a wand of clouds (9)
 C - a wand of paralysis (8)
 G - a wand of acid (30)
 I - a wand of polymorph (28)
 N - a wand of flame (77)
 P - a wand of scattershot (4)
 W - a wand of digging (5)
Scrolls
 i - 3 scrolls of magic mapping
 j - 5 scrolls of enchant armour
 n - 15 scrolls of teleportation
 o - 2 scrolls of remove curse
 p - 3 scrolls of enchant weapon
 r - 7 scrolls of identify
 y - 9 scrolls of blinking
 z - 5 scrolls of fear
 M - a scroll of summoning {unknown}
Potions
 d - a potion of might
 h - a potion of cancellation
 m - 8 potions of curing
 q - 3 potions of flight
 t - 3 potions of haste
 v - a potion of resistance
 w - 2 potions of invisibility
 K - a potion of brilliance
 L - 2 potions of agility
 T - a potion of magic {unknown}
Miscellaneous
 l - a phial of floods
 Z - a phantom mirror
Comestibles
 f - 35 rations


   Skills:
 * Level 14.8 Fighting
 - Level 8.4(9.2) Short Blades
 * Level 6.4(8.7) Long Blades
 + Level 3.9 Throwing
 + Level 12.5 Armour
 * Level 6.3 Dodging
 - Level 14.3 Shields
 * Level 8.0 Invocations
 * Level 7.8 Evocations


You had 12 spell levels left.
You knew the following spells:

 Your Spells              Type           Power        Failure   Level  Hunger
a - Infusion              Chrm           #...         73%         1    ##.....

Your spell library contained the following spells:

 Spells                   Type           Power        Failure   Level  Hunger
 Animate Skeleton         Necr           N/A          73%         1    ##.....
 Apportation              Tloc           #.....       73%         1    ##.....
 Beastly Appendage        Tmut           #.....       73%         1    ##.....
 Confusing Touch          Hex            #.....       73%         1    ##.....
 Corona                   Hex            #......      73%         1    ##.....
 Flame Tongue             Conj/Fire      #....        73%         1    ##.....
 Summon Small Mammal      Summ           #...         73%         1    ##.....
 Blink                    Tloc           N/A          86%         2    ###....
 Shroud of Golubria       Chrm/Tloc      #.........   86%         2    ###....
 Song of Slaying          Chrm           #.......     86%         2    ###....
 Sticks to Snakes         Tmut           #.......     86%         2    ###....
 Throw Flame              Conj/Fire      #.....       86%         2    ###....
 Conjure Flame            Conj/Fire      #.......     97%         3    ####...
 Gell's Gravitas          Tloc           #.........   97%         3    ####...
 Inner Flame              Hex/Fire       #.......     97%         3    ####...
 Lesser Beckoning         Tloc           #.........   97%         3    ####...
 Regeneration             Chrm/Necr      #.........   97%         3    ####...
 Spectral Weapon          Hex/Chrm       #.......     97%         3    ####...
 Spider Form              Tmut/Pois      #.........   97%         3    ####...
 Teleport Other           Tloc           #.......     97%         3    ####...
 Tukima's Dance           Hex            #.......     97%         3    ####...
 Ice Form                 Ice/Tmut       #.......     100%        4    #####..
 Passage of Golubria      Tloc           N/A          100%        4    #####..
 Sticky Flame             Conj/Fire      #.......     100%        4    #####..
 Blade Hands              Tmut           #.........   100%        5    ######.
 Fireball                 Conj/Fire      #.........   100%        5    ######.
 Irradiate                Conj/Tmut      #.........   100%        5    ######.
 Silence                  Hex/Air        #.........   100%        5    ######.
 Hydra Form               Tmut           #.........   100%        6    #######
 Invisibility             Hex            #.......     100%        6    #######
 Statue Form              Tmut/Erth      #........    100%        6    #######
 Dragon Form              Tmut           #.........   100%        7    #######
 Malign Gateway           Summ/Tloc      #.........   100%        7    #######
 Monstrous Menagerie      Summ           #.........   100%        7    #######
 Summon Greater Demon     Summ           #.........   100%        7    #######
 Summon Horrible Things   Summ           #.........   100%        8    #######


Dungeon Overview and Level Annotations

Branches:
Dungeon (12/15)            Temple (0/1) D:6            Lair (4/6) D:10
  Swamp (2/4) Lair:3       Spider (0/4) Lair:3          Orc (0/2) D:12

Altars:
Cheibriados
Elyvilon
Fedhas
Kikubaaqudgha
Nemelex Xobeh
Sif Muna
Xom
Yredelemnul

Shops:
D:6 [   D:8 *   D:9 =(*

Annotations:
D:7 1 runed translucent door
D:11 1 runed translucent door, grerr's ghost, journeyman OpVM
Lair:4 2 transporters, Jabberih's ghost, journeyman MfIE


Innate Abilities, Weirdness & Mutations

You reflexively headbutt those who attack you in melee.
You have a pair of horns on your head.


Message History

You enter the shallow water.
Moving in this stuff is going to be slow.
The spriggan rider closely misses you.
A swamp dragon comes into view.
The spriggan rider hits you but does no damage. x2
The spriggan rider hits you from afar with a +0 spear!
The swamp dragon roars deafeningly!
There is a stone staircase leading up, spattered with blood here.
The seven-headed hydra bites you!!
* * * LOW HITPOINT WARNING * * *
The seven-headed hydra barely misses you.
The seven-headed hydra bites you!!
* * * LOW HITPOINT WARNING * * *
The seven-headed hydra misses you.
You block the seven-headed hydra's attack. x2
The seven-headed hydra bites you but does no damage.
You block the spriggan rider's attack. The spriggan rider barely misses you.
The spriggan rider hits you from afar with a +0 spear!!
You die...
Your body rises from the dead as a mindless zombie.

≈≈.≈≈..≈≈≈≈≈≈≈≈≈≈.≈
≈≈≈.....≈≈≈≈≈≈≈≈..≈♣
≈≈..≈≈≈§≈D≈≈≈≈≈≈.≈♣
≈≈≈(≈≈≈≈≈≈≈≈≈≈≈≈.♣♣i
≈≈≈≈≈≈≈≈≈≈≈≈≈...≈i..
≈≈.≈≈≈≈≈≈≈≈≈.(≈♣
...≈≈≈.≈≈≈..w♣♣♣
♣..≈..≈≈ii..≈♣
♣.≈≈.♣@Di.≈.♣♣ ..≈
♣.≈i...♣ ≈ ♣.≈....♣
♣.≈≈.w....
.....≈≈.....
≈≈....≈≈≈≈≈...
.≈≈≈..≈≈≈≈≈≈≈..
♣..≈≈♣≈.≈≈≈≈≈..
....♣.≈≈≈≈.


You could see a seven-headed hydra, a swamp dragon, 3 spriggan riders, 2 swamp
worms and a spriggan.

Vanquished Creatures
  A very ugly thing (Swamp:1)
  A minotaur (Gauntlet)
  A blizzard demon (Gauntlet)
  A vault guard (D:12)
  8 hydras
  3 two-headed ogres
  The ghost of libidonplus the Fighter, a novice DrCj of Dithmenos (D:8)
  4 alligators
  Urug (D:11)
  A tengu warrior (Gauntlet)
  2 unseen horrors (D:10)
  A spriggan druid (Swamp:2)
  10 wizards (D:12)
  Pikel (D:8)
  3 ugly things
  Psyche (D:8)
  A black mamba (Lair:1)
  A torpor snail (Gauntlet)
  6 spiny frogs
  2 gargoyles
  A komodo dragon (Lair:3)
  2 tengu conjurers (Gauntlet)
  An ice devil (Gauntlet)
  A rime drake (Lair:3)
  2 jumping spiders (Lair:3)
  5 trolls
  4 polar bears (Lair:1)
  2 tyrant leeches (Swamp:1)
  17 blink frogs
  3 slime creatures (Swamp:1)
  2 dream sheep (Lair:4)
  2 bog bodies (Swamp:1)
  3 hippogriffs
  2 shadows
  A redback (Lair:3)
  A human (D:7)
  21 yaks
  Eustachio (D:4)
  4 fire elementals (D:12)
  2 hogs (D:7)
  7 basilisks
  2 hungry ghosts (D:11)
  A steam dragon (D:8)
  2 vampire mosquitoes
  7 swamp worms
  4 insubstantial wisps
  A water moccasin (Lair:1)
  8 porcupines
  7 swamp drakes
  7 black bears
  7 ice beasts
  An eye of draining (D:11)
  Purgy (Sewer)
  9 orc warriors
  A sky beast (D:12)
  6 ogres
  11 wolves
  5 centaurs
  2 phantoms
  8 crocodiles
  A big kobold (D:12)
  11 bullfrogs
  A wyvern zombie (D:12)
  3 scorpions
  16 killer bees
  10 wights
  3 electric eels (Lair:4)
  7 crimson imps
  A bullfrog zombie (D:12)
  12 hounds
  3 centaur zombies
  3 jellies
  12 orc priests
  3 bullfrog skeletons
  6 orc wizards
  5 iguanas
  Ijyb (D:4)
  15 worker ants
  3 hound skeletons
  A mummy (D:9)
  A howler monkey zombie (D:11)
  7 adders
  2 gnolls (D:3)
  A howler monkey skeleton (D:4)
  An adder zombie (D:8)
  5 adder skeletons
  2 worms
  3 dart slugs
  9 leopard geckos
  52 orcs
  8 giant cockroaches
  13 goblins
  4 hobgoblins
  12 jackals
  6 quokkas
  A ball python (D:3)
  5 bats
  9 frilled lizards
  11 kobolds
  3 leopard gecko skeletons
  9 rats
  A butterfly (D:7)
  A plant (Lair:1)
  A withered plant (D:6)
508 creatures vanquished.

Vanquished Creatures (collateral kills)
  Azrael (D:12)
  Erolcha (D:9)
  2 hydras
  A wizard (D:12)
  An orc knight (D:11)
  An ugly thing (D:11)
  The ghost of Deathwalker the Covered, a novice HuWr of Wu Jian (D:6)
  A torpor snail (Lair:4)
  A spiny frog (Lair:4)
  A komodo dragon (D:12)
  A troll (D:12)
  A hornet (D:11)
  Prince Ribbit (D:7)
  A jumping spider (Lair:3)
  5 blink frogs
  4 redbacks (Lair:3)
  2 wyverns (Lair:4)
  2 hogs (D:7)
  5 yaks
  2 basilisks
  A fire elemental (D:12)
  2 vampire mosquitoes
  Grum (D:9)
  2 insubstantial wisps (Swamp:1)
  2 water moccasins
  A hell hound (D:12)
  A porcupine (Lair:1)
  An ogre (D:11)
  A sky beast (D:12)
  3 orc warriors
  2 phantoms
  A wolf (D:9)
  A crocodile (Lair:4)
  2 bullfrogs
  6 wights
  An electric eel (Lair:4)
  2 crimson imps
  A howler monkey (D:6)
  2 jellies
  2 orc priests
  2 hounds
  An orc wizard (D:11)
  An iguana (D:9)
  4 worker ants
  3 adders
  A shadow imp (D:6)
  An ooze (D:7)
  A worm (D:4)
  15 orcs
  4 giant cockroaches
  2 jackals (D:11)
  2 butterflies (D:7)
  2 fungi (Lair:4)
  2 plants (Lair:4)
111 creatures vanquished.

Vanquished Creatures (others)
  A two-headed ogre (D:10)
  A flying skull (D:12)
  4 vampires (D:12)
  2 wraiths
  A fire elemental (D:12)
  A two-headed ogre zombie (D:12)
  2 blink frog zombies (Lair:3)
  2 hog zombies (D:7)
  2 vampire mosquito zombies (D:12)
  A blink frog skeleton (Lair:4)
  A komodo dragon zombie (Lair:3)
  A wyvern zombie (Lair:4)
  6 yak zombies
  3 troll zombies
  A polar bear zombie (Lair:1)
  3 wights
  A centaur zombie (D:9)
  4 bullfrog zombies
  2 basilisk zombies
  A centaur skeleton (D:10)
  A bullfrog skeleton (Lair:3)
  A porcupine skeleton (D:10)
  7 killer bee zombies
  A human zombie (D:8)
  4 ogre zombies
  2 crocodile zombies
  An ogre skeleton (D:9)
  3 worker ant zombies
  A swamp drake zombie (Swamp:2)
  A worm zombie (D:4)
  3 adder zombies
  A goblin skeleton (D:4)
  A goblin zombie (D:4)
  5 jackal zombies
  A kobold zombie (D:12)
  A leopard gecko skeleton (D:8)
  3 orc skeletons
  17 orc zombies
  2 quokka zombies
  A fungus (D:10)
  4 plants (D:10)
  A withered plant (D:6)
102 creatures vanquished.

Grand Total: 721 creatures vanquished

Notes
Turn   | Place    | Note
-------+----------+-------------------------------------------
     0 | D:1      | FishyPogo the Minotaur Fighter began the quest for the Orb.
     0 | D:1      | Reached XP level 1. HP: 19/19 MP: 0/0
   153 | D:1      | Reached XP level 2. HP: 23/27 MP: 1/1
   861 | D:2      | Reached XP level 3. HP: 30/33 MP: 2/2
  1051 | D:2      | Found a deep blue altar of Sif Muna.
  1107 | D:2      | Found a faded altar of an unknown god.
  1112 | D:2      | Became a worshipper of Yredelemnul the Dark
  1112 | D:2      | Reached * piety under Yredelemnul
  1367 | D:3      | Reached skill level 1 in Dodging
  1367 | D:3      | Reached XP level 4. HP: 18/41 MP: 3/3
  1615 | D:3      | Reached ** piety under Yredelemnul
  1666 | D:3      | Found a glowing drain.
  1670 | Sewer    | Entered a sewer
  1722 | Sewer    | Noticed Purgy
  1726 | Sewer    | Killed Purgy
  1726 | Sewer    | Reached skill level 5 in Armour
  1726 | Sewer    | Reached XP level 5. HP: 37/47 MP: 4/4
  2053 | D:3      | Reached skill level 5 in Shields
  2059 | D:3      | Reached skill level 5 in Fighting
  2455 | D:4      | Reached XP level 6. HP: 32/56 MP: 5/5
  2473 | D:4      | HP: 1/56 [bullfrog skeleton (2)]
  2796 | D:4      | Reached XP level 7. HP: 26/61 MP: 6/6
  2979 | D:4      | Noticed Ijyb
  2990 | D:4      | Killed Ijyb
  3077 | D:4      | Noticed Eustachio
  3104 | D:4      | Reached skill level 1 in Invocations
  3115 | D:4      | Killed Eustachio
  3509 | D:5      | Entered Level 5 of the Dungeon
  3544 | D:5      | Found an ancient bone altar of Kikubaaqudgha.
  3716 | D:5      | Found a sparkling altar of Nemelex Xobeh.
  3838 | D:5      | Reached XP level 8. HP: 70/71 MP: 8/8
  4575 | D:6      | Found a staircase to the Ecumenical Temple.
  4640 | D:6      | Reached skill level 5 in Long Blades
  4745 | D:6      | Found a runed translucent door.
  4747 | D:6      | Noticed Deathwalker's ghost (novice HuWr)
  4884 | D:6      | Found Ylumequrgh's Antique Armour Emporium.
  5050 | D:7      | Reached skill level 1 in Evocations
  5140 | D:7      | Learned a level 1 spell: Infusion
  5195 | D:7      | Reached *** piety under Yredelemnul
  5195 | D:7      | Reached XP level 9. HP: 75/81 MP: 10/10
  5442 | D:7      | Noticed Prince Ribbit
  5657 | D:7      | Found a runed translucent door.
  5658 | D:7      | Found a runed translucent door.
  5932 | D:7      | Killed Prince Ribbit
  6029 | D:7      | Reached **** piety under Yredelemnul
  6036 | D:7      | Received a gift from Yredelemnul (a wight)
  6137 | D:8      | Noticed Psyche
  6146 | D:8      | Paralysed by Psyche for 6 turns
  6158 | D:8      | Killed Psyche
  6158 | D:8      | Reached XP level 10. HP: 68/92 MP: 10/12
  6231 | D:8      | Found a blossoming altar of Fedhas.
  6356 | D:8      | Your ally Psyche died
  6600 | D:8      | Found Xaewkefa's General Store.
  6671 | D:8      | Found a sparkling altar of Nemelex Xobeh.
  6690 | D:8      | Noticed a two-headed ogre
  6826 | D:6      | Bought a distressingly furry ring mail for 288 gold pieces
  6836 | D:6      | Identified the +4 ring mail of Peatefuwn {*Slow +Blink +Fly
                  | Slay+2} (You bought it in a shop on level 6 of the Dungeon)
  7128 | D:8      | Killed a two-headed ogre
  7128 | D:8      | Reached skill level 10 in Fighting
  7128 | D:8      | Reached skill level 10 in Shields
  7450 | D:8      | Found a runed translucent door.
  7450 | D:8      | Noticed libidonplus's ghost (novice DrCj)
  7501 | D:8      | Noticed a two-headed ogre
  7505 | D:8      | Noticed Pikel
  7525 | D:8      | Killed a two-headed ogre
  7525 | D:8      | Reached skill level 5 in Invocations
  7530 | D:8      | Killed Pikel
  7722 | D:9      | Found a white marble altar of Elyvilon.
  7971 | D:9      | Found Yfaekoown's Assorted Antiques.
  7972 | D:9      | Noticed a white ugly thing
  7992 | D:9      | Killed a white ugly thing
  8119 | D:9      | Noticed a manticore
  8508 | D:9      | Reached XP level 11. HP: 86/102 MP: 14/14
  8562 | D:9      | Noticed Erolcha
  8580 | D:9      | Killed Erolcha
  8580 | D:9      | Reached skill level 5 in Dodging
  8590 | D:9      | Found Sisotogy's Jewellery Shoppe.
  8591 | D:9      | Found a snail-covered altar of Cheibriados.
  8593 | D:9      | Noticed Grum
  8600 | D:9      | Killed Grum
  8600 | D:9      | Reached skill level 1 in Throwing
  8668 | D:9      | Found Xugibbot's Antique Weapon Shop.
  8675 | D:9      | Bought a transparent dagger for 154 gold pieces
  8675 | D:9      | Identified the +6 dagger "Fausuh" {venom, Dex+3} (You
                  | bought it in a shop on level 9 of the Dungeon)
  8715 | D:9      | Your ally Erolcha died
  8911 | D:10     | Entered Level 10 of the Dungeon
  8915 | D:10     | Killed a two-headed ogre
  8980 | D:10     | Reached skill level 1 in Short Blades
  9084 | D:10     | Found a staircase to the Lair.
  9167 | D:10     | Received a gift from Yredelemnul (a wight)
  9436 | D:10     | Killed an unseen horror
  9436 | D:10     | Reached skill level 5 in Evocations
  9883 | D:11     | Noticed Urug
  9907 | D:11     | Killed Urug
  9971 | D:11     | Found a runed translucent door.
  9972 | D:11     | Found a shimmering altar of Xom.
  9972 | D:11     | Noticed grerr's ghost (journeyman OpVM)
  9972 | D:11     | Noticed a +1 long sword of chaos
 10004 | D:11     | Noticed a brown ugly thing
 10009 | D:11     | Received a gift from Yredelemnul (a wraith)
 10056 | Lair:1   | Entered Level 1 of the Lair of Beasts
 10163 | Lair:1   | Reached ***** piety under Yredelemnul
 10358 | Lair:1   | Reached XP level 12. HP: 65/112 MP: 15/15
 10443 | Lair:1   | Found an ancient bone altar of Kikubaaqudgha.
 10558 | Lair:1   | Received a gift from Yredelemnul (a wraith)
 11192 | Lair:2   | Got a faintly glowing flail
 11193 | Lair:2   | Identified the cursed +3 flail "Onnajoto" {crush, rF+} (You
                  | found it on level 2 of the Lair of Beasts)
 11379 | D:6      | Bought a runed scale mail for 224 gold pieces
 11644 | Lair:2   | Got a smelly leather armour
 11655 | Lair:2   | Identified the +2 leather armour of the Solstice {Int+3
                  | Slay+2} (You found it on level 2 of the Lair of Beasts)
 12360 | Lair:3   | Reached skill level 5 in Short Blades
 12378 | Lair:3   | Found a gate leading to a gauntlet.
 12433 | Gauntlet | Entered a Gauntlet
 12433 | Gauntlet | Found a transporter.
 12433 | Gauntlet | Found a transporter.
 12435 | Gauntlet | Found a transporter.
 12436 | Gauntlet | Found a transporter.
 12439 | Gauntlet | Found a transporter.
 12440 | Gauntlet | Found a transporter.
 12442 | Gauntlet | Noticed a tengu warrior
 12448 | Gauntlet | Found a transporter.
 12448 | Gauntlet | Found a transporter.
 12450 | Gauntlet | Found a transporter.
 12450 | Gauntlet | Found a transporter.
 12458 | Gauntlet | Found a transporter.
 12458 | Gauntlet | Noticed a blizzard demon
 12462 | Gauntlet | Found a transporter.
 12539 | Gauntlet | Found a runed translucent door.
 12675 | Gauntlet | Reached skill level 10 in Armour
 12711 | Gauntlet | Killed a tengu warrior
 12730 | Gauntlet | Got a smoking glaive
 12736 | Gauntlet | Identified the cursed +3 glaive of Ipran {elec, Fragile rC+
                  | Int+2 SInv} (You found it in a Gauntlet)
 13011 | Gauntlet | Killed a blizzard demon
 13238 | Gauntlet | Identified the cursed +1 hunting sling "Killer Klown's
                  | Death" {speed, SInv}
 13238 | Gauntlet | Noticed a minotaur
 13244 | Gauntlet | Killed a minotaur
 13305 | Gauntlet | Identified Onannoebea's Handbook of Execration
 13756 | Lair:3   | Found a hole to the Spider Nest.
 13764 | Lair:3   | Received a gift from Yredelemnul (a vampire)
 13768 | Lair:3   | Reached XP level 13. HP: 89/122 MP: 17/17
 14046 | Lair:3   | Found a staircase to the Swamp.
 14066 | Lair:3   | Received a gift from Yredelemnul (a vampire)
 14367 | Lair:4   | Found a transporter.
 14856 | Lair:4   | Noticed Jabberih's ghost (journeyman MfIE)
 14860 | Lair:4   | Found a transporter.
 15144 | D:6      | Killed Deathwalker's ghost
 15350 | D:8      | Killed libidonplus's ghost
 15902 | D:11     | Your ally Urug died
 16193 | D:11     | Received a gift from Yredelemnul (a wight)
 16892 | D:11     | Received a gift from Yredelemnul (2 flying skulls)
 17271 | D:12     | Received a gift from Yredelemnul (a vampire)
 17273 | D:12     | Found a staircase to the Orcish Mines.
 17380 | D:12     | Noticed Azrael
 17449 | D:12     | Received a gift from Yredelemnul (a vampire)
 17463 | D:12     | Killed Azrael
 17503 | D:12     | HP: 5/125 [wizard/orb of energy (20)]
 17842 | D:12     | Found the +3 warlock's mirror {reflect}
 18106 | D:12     | Reached XP level 14. HP: 124/133 MP: 10/18
 18137 | D:12     | Found a portal to a secret trove of treasure.
 18142 | Trove    | Entered a treasure trove
 18148 | Trove    | Found the +9 sword of Zonguldrok {reap}
 18159 | Trove    | Got a glittering ruby amulet
 18160 | Trove    | Identified the amulet of Relativism {Spirit rPois rC+} (You
                  | found it in a treasure trove)
 18162 | Trove    | Got a pair of fine boots
 18173 | Trove    | Identified the +0 pair of boots of Unreason {Dex+3} (You
                  | found it in a treasure trove)
 18180 | Trove    | Got a shimmering hat
 18191 | Trove    | Identified the +1 hat of Kirpho {Int+4} (You found it in a
                  | treasure trove)
 18208 | Trove    | Got a heavily runed jade ring
 18210 | Trove    | Identified the ring "Yrchobiodiji" {rC+ Slay+3} (You found
                  | it in a treasure trove)
 18694 | D:12     | Got a crude robe
 18705 | D:12     | Identified the +2 robe "Sotroyly" {rN+} (You found it on
                  | level 12 of the Dungeon)
 19187 | Swamp:1  | Entered Level 1 of the Swamp
 20562 | Swamp:2  | Noticed a cyan very ugly thing
 20586 | Swamp:1  | Killed a cyan very ugly thing
 20643 | Swamp:2  | Slain by a spriggan rider

Skill      XL: |  1  2  3  4  5  6  7  8  9 10 11 12 13 14 |
---------------+-------------------------------------------+-----
Fighting       | 4 5 6 7 9 11 12 13 14 | 14.8
Armour         | 4 5 6 7 8 9 10 12 | 12.5
Shields        | 4 5 6 7 9 11 12 13 14 | 14.3
Dodging        | 1 2 3 4 5 6 |  6.3
Long Blades    | 3 4 5 6 |  6.4
Invocations    | 1 3 4 5 6 7 8 |  8.0
Evocations     | 1 3 4 5 6 7 |  7.8
Throwing       | 2 3 |  3.9
Short Blades   | 4 6 8 |  8.4

Action                   |  1- 3 |  4- 6 |  7- 9 | 10-12 | 13-15 || total
-------------------------+-------+-------+-------+-------+-------++-------
Melee: Long sword        |    92 |   129 |   154 |       |       ||   375
       Headbutt          |    14 |    30 |    76 |   223 |   217 ||   560
       Scimitar          |       |       |   176 |   189 |    42 ||   407
       Dagger            |       |       |       |   548 |   486 ||  1034
       Double sword      |       |       |       |       |    98 ||    98
Throw: Stone             |       |    16 |     4 |    23 |    14 ||    57
Invok: Animate Remains   |       |     2 |     9 |       |     2 ||    13
       Injury Mirror     |       |       |     6 |     3 |     1 ||    10
       Animate Dead      |       |       |     5 |    29 |    13 ||    47
       Enslave Soul      |       |       |       |       |     2 ||     2
       Recall Undead Sla |       |       |       |       |     1 ||     1
 Abil: Evoke Blink       |       |       |       |     1 |       ||     1
Evoke: Wand              |       |       |       |    10 |     1 ||    11
  Use: Scroll            |       |     6 |       |    12 |    10 ||    28
       Potion            |       |     4 |     4 |    11 |     4 ||    23
 Stab: Distracted        |       |       |       |     3 |     6 ||     9
       Confused          |       |       |       |       |     4 ||     4
  Eat: Chunk             |     2 |     5 |    16 |    30 |    22 ||    75
       Ration            |       |       |       |     1 |     2 ||     3
Armor: Ring mail         |    26 |    36 |       |   166 |   152 ||   380
       Scale mail        |       |    11 |   136 |    18 |   104 ||   269
       Chain mail        |       |       |       |     6 |       ||     6
Dodge: Dodged            |    26 |    55 |   146 |   230 |   248 ||   705
Block: Shield            |    52 |    61 |   189 |   371 |   253 ||   926
       Buckler           |       |       |       |       |   146 ||   146
       Reflection        |       |       |       |       |     5 ||     5
       Rpst.: Long sword |     6 |    16 |    17 |       |       ||    39
       Scimitar          |       |       |    17 |    16 |     1 ||    34
       Double sword      |       |       |       |       |    11 ||    11
